[Event "Titled Tuesday Blitz June 20 Late 2023"]
[White "Maximov, Dmitry"]
[Black "Subelj, Jan"]
[WhiteFideId "14105659"]
[BlackFideId "14618583"]
[WhiteElo "2494"]
[BlackElo "2499"]
[Result "1-0"]
[Round "8"]
[TimeControl "180+2"]
[Date "2023.06.20"]
[WhiteClock "0:00:22"]
[BlackClock "0:00:30"]
[Board "36"]

1. e4 Nc6 2. Nf3 e6 3. d4 d5 4. e5 f6 5. Be2 fxe5 6. dxe5 Nge7 7. c4 Nf5 8. O-O Be7 9. Nc3 d4 10. Ne4 O-O 11. a3 b6 12. Bd3 Bb7 13. Re1 a5 14. Qe2 Nh4 15. Nxh4 Bxh4 16. Ng3 Ne7 17. Bxh7+ Kxh7 18. Qh5+ Kg8 19. Qxh4 Nf5 20. Qh3 Qh4 21. Qxh4 Nxh4 22. f3 Bxf3 23. gxf3 Nxf3+ 24. Kf2 Nxe5+ 25. Kg2 Nxc4 26. b3 Nd6 27. Rxe6 Rae8 28. Rxe8 Rxe8 29. Bf4 Nb5 30. a4 Nc3 31. Bd2 Nd5 32. Rf1 c5 33. Rf5 Nf6 34. Kf3 Kf7 35. Bg5 Kg6 36. h4 Re1 37. Bxf6 gxf6 38. h5+ Kg7 39. Rd5 Re3+ 40. Kf4 Rxb3 41. Nf5+ Kf7 42. h6 Rh3 43. Rd7+ Ke6 44. Rd6+ Kf7 45. Rxb6 d3 46. Rd6 c4 47. Ke4 Kg6 48. Rd7 Kh5 49. h7 Kg4 50. Rg7+ 1-0


[Site "https://www.chess.com"]

[Event "Titled Tuesday Blitz June 20 Late 2023"]
[White "Nazari, Arad"]
[Black "Sreyas Payyappat"]
[WhiteFideId "12577324"]
[BlackFideId "46674969"]
[WhiteElo "2175"]
[BlackElo "2043"]
[Result "1-0"]
[Round "8"]
[TimeControl "180+2"]
[Date "2023.06.20"]
[WhiteClock "0:01:17"]
[BlackClock "0:00:00"]
[Board "37"]

1. e4 c6 2. Nc3 d5 3. Nf3 dxe4 4. Nxe4 Nf6 5. Qe2 Nxe4 6. Qxe4 Nd7 7. Bc4 Nf6 8. Ne5 e6 9. Qe2 b5 10. Bd3 Qc7 11. a4 b4 12. Nxc6 Bd6 13. Nd4 a6 14. Nf5 Bb7 15. Nxg7+ Kf8 16. Nh5 Nxh5 17. Qxh5 Bxg2 18. Rg1 Rg8 19. Bxh7 Rg7 20. d4 Bf4 21. Bxf4 Qxf4 22. Qc5+ Ke8 23. Rxg2 Rxg2 24. Qc6+ Ke7 25. Qb7+ Kf6 26. Qxg2 Rd8 27. Qe4 Qh6 28. Qe5+ Ke7 29. Be4 Rg8 30. Qc5+ Kf6 31. Qe5+ Ke7 32. Ke2 Rg5 33. Qc7+ Kf6 34. Qf4+ Ke7 35. h4 1-0


[Site "https://www.chess.com"]

[Event "Titled Tuesday Blitz June 20 Late 2023"]
[White "Yuan, Qingyu"]
[Black "Lewtak, Damian"]
[WhiteFideId "8609772"]
[BlackFideId "1141724"]
[WhiteElo "2359"]
[BlackElo "2302"]
[Result "1/2-1/2"]
[Round "8"]
[TimeControl "180+2"]
[Date "2023.06.20"]
[WhiteClock "0:00:13"]
[BlackClock "0:00:17"]
[Board "38"]

1. e4 c5 2. Nf3 d6 3. Bb5+ Bd7 4. Bxd7+ Qxd7 5. c4 Nc6 6. Nc3 Nf6 7. d4 cxd4 8. Nxd4 g6 9. f3 Bg7 10. Be3 O-O 11. O-O Rac8 12. b3 e6 13. Rc1 Rfd8 14. Qd2 d5 15. cxd5 exd5 16. Nxc6 bxc6 17. e5 Ne8 18. Bg5 f6 19. exf6 Nxf6 20. Na4 Re8 21. Nc5 Qf5 22. Rfe1 Rxe1+ 23. Rxe1 Re8 24. Bxf6 Rxe1+ 25. Qxe1 Qxf6 26. Qe8+ Qf8 27. Qe6+ Qf7 28. Qxc6 Bd4+ 29. Kf1 Bxc5 30. Qxc5 Qf5 31. Kf2 Qe5 32. Qe3 Qb2+ 33. Qe2 Qd4+ 34. Kg3 Kf7 35. f4 Qc3+ 36. Kf2 Qd4+ 37. Kf3 Qc3+ 38. Qe3 Qc7 39. Qd4 Qd7 40. g4 h5 41. h3 hxg4+ 42. hxg4 a6 43. a4 Qc6 44. b4 Ke6 45. g5 Qxa4 46. Qe5+ Kd7 47. Qxd5+ Kc7 48. Qa5+ Qxa5 49. bxa5 Kd6 50. f5 gxf5 51. Kf4 Ke6 52. g6 Kf6 53. g7 Kxg7 54. Kxf5 Kf7 55. Ke5 Ke7 56. Kd5 Kd7 57. Kc5 Kc7 58. Kd5 Kd7 59. Kc5 Kc7 60. Kd5 Kd7 1/2-1/2


[Site "https://www.chess.com"]

[Event "Titled Tuesday Blitz June 20 Late 2023"]
[White "Dushyant Sharma"]
[Black "Turayev, Shahruh"]
[WhiteFideId "25065130"]
[BlackFideId "14003856"]
[WhiteElo "2198"]
[BlackElo "2113"]
[Result "1-0"]
[Round "8"]
[TimeControl "180+2"]
[Date "2023.06.20"]
[WhiteClock "0:00:15"]
[BlackClock "0:00:27"]
[Board "39"]

1. e4 e6 2. d4 d5 3. exd5 exd5 4. Bd3 Nc6 5. c3 Bd6 6. Nf3 Bg4 7. O-O Qd7 8. Be3 O-O-O 9. Nbd2 f6 10. b4 Re8 11. a4 Nge7 12. a5 Nf5 13. Re1 Nd8 14. Qc2 Nxe3 15. fxe3 Kb8 16. b5 Nf7 17. b6 a6 18. bxc7+ Qxc7 19. Rab1 Ka8 20. Rb6 Ng5 21. Reb1 Bxf3 22. Nxf3 Nxf3+ 23. gxf3 Rxe3 24. Bxa6 Rxc3 25. Bxb7+ Ka7 26. Ra6+ Kb8 27. Ra8# 1-0


[Site "https://www.chess.com"]

[Event "Titled Tuesday Blitz June 20 Late 2023"]
[White "Leon Oquendo, Jorge"]
[Black "Novikov, Evgenij"]
[WhiteFideId "3514803"]
[BlackFideId "4125380"]
[WhiteElo "2276"]
[BlackElo "2242"]
[Result "1-0"]
[Round "8"]
[TimeControl "180+2"]
[Date "2023.06.20"]
[WhiteClock "0:00:16"]
[BlackClock "0:00:00"]
[Board "40"]

1. d4 d5 2. c4 e6 3. Nc3 Nf6 4. Bg5 c6 5. e3 Nbd7 6. Nf3 Qa5 7. Nd2 Bb4 8. Qb3 c5 9. Bxf6 Nxf6 10. dxc5 Qxc5 11. cxd5 Bxc3 12. bxc3 Qxd5 13. c4 Qe5 14. Qb5+ Qxb5 15. cxb5 a6 16. Nc4 O-O 17. Nb6 Ra7 18. Rc1 Bd7 19. Nxd7 Nxd7 20. bxa6 bxa6 21. Be2 Rb8 22. O-O Kf8 23. Rfd1 Ke7 24. Rc6 a5 25. a4 Ne5 26. Rc5 Nd7 27. Rc3 Rbb7 28. Bb5 Rc7 29. Rcd3 Nc5 30. Rd8 Ne4 31. Rb8 Nc3 32. Ra1 Rab7 33. Rxb7 Rxb7 34. Bd3 Rb4 35. Bc2 Rb2 36. Bd3 Ra2 37. Rxa2 Nxa2 38. Kf1 Kd6 39. Bxh7 g6 40. h4 Nc3 41. g4 Ke7 42. h5 Kf6 43. h6 Nxa4 44. f4 g5 45. Bc2 gxf4 46. g5+ Kxg5 47. h7 Nc3 48. exf4+ Kxf4 49. h8=Q 1-0


[Site "https://www.chess.com"]

[Event "Titled Tuesday Blitz June 20 Late 2023"]
[White "Katz, Alexander"]
[Black "Haszon, David"]
[WhiteFideId "2039796"]
[BlackFideId "733610"]
[WhiteElo "2389"]
[BlackElo "2210"]
[Result "0-1"]
[Round "8"]
[TimeControl "180+2"]
[Date "2023.06.20"]
[WhiteClock "0:00:07"]
[BlackClock "0:00:17"]
[Board "41"]

1. e4 c5 2. Nf3 e6 3. d4 cxd4 4. Nxd4 Nf6 5. Nc3 Nc6 6. Ndb5 Bc5 7. Nd6+ Ke7 8. Nxc8+ Rxc8 9. Be2 Re8 10. O-O Kf8 11. Bf4 a6 12. Bd6+ Bxd6 13. Qxd6+ Qe7 14. Rad1 b5 15. a3 Qxd6 16. Rxd6 Red8 17. Rfd1 Ke7 18. f4 Ne8 19. R6d2 d6 20. a4 b4 21. Na2 a5 22. Nc1 Rc7 23. Nb3 Ra8 24. Bb5 Raa7 25. g4 Rc8 26. h4 Rac7 27. Ba6 Ra8 28. Bb5 Raa7 29. Kf2 Nf6 30. Kf3 Ne8 31. g5 Rc8 32. h5 Rcc7 33. Rd3 Rc8 34. c3 Rcc7 35. Bxc6 Rxc6 36. Nd4 Rb6 37. Nb5 Ra8 38. c4 Rc8 39. b3 Rc5 40. e5 dxe5 41. Rd7+ Kf8 42. fxe5 Rxe5 43. Kf4 Rf5+ 44. Kg4 h6 45. gxh6 gxh6 46. Nd4 Nf6+ 47. Kg3 Rg5+ 48. Kf4 Nxd7 49. Nf3 Rf5+ 50. Ke4 Nf6+ 51. Ke3 Rxh5 52. Rd7 Rf5 53. Ra7 h5 54. Nd4 Re5+ 55. Kf3 h4 56. Kg2 Rd6 57. Nf3 Re4 58. c5 Rd3 59. c6 Rc3 60. c7 Kg7 61. Nd2 Rg4+ 62. Kh2 Nd5 63. Nc4 Rgxc4 64. bxc4 Rxc4 65. Rxa5 Rxc7 66. Rb5 Ra7 67. a5 Kf6 68. Kh3 Ke5 69. Kxh4 Kd4 70. Kg5 Kc3 71. Rb8 b3 72. Rc8+ Nc7 73. a6 b2 74. Rb8 Rxa6 75. Rb7 Ra5+ 76. Kf6 Nb5 77. Kxf7 b1=Q 0-1


[Site "https://www.chess.com"]

[Event "Titled Tuesday Blitz June 20 Late 2023"]
[White "Kovalevsky, Stanislav"]
[Black "Adewumi, Tanitoluwa"]
[WhiteFideId "13508598"]
[BlackFideId "30966396"]
[WhiteElo "2112"]
[BlackElo "2675"]
[Result "1-0"]
[Round "8"]
[TimeControl "180+2"]
[Date "2023.06.20"]
[WhiteClock "0:01:33"]
[BlackClock "0:00:23"]
[Board "42"]

1. c4 e5 2. Nc3 Nc6 3. g3 g6 4. Bg2 d6 5. h4 h5 6. d3 Bg7 7. Nf3 Nf6 8. Bg5 Bh6 9. Nd5 Bxg5 10. Nxg5 Nxd5 11. Bxd5 O-O 12. Qd2 Kg7 13. O-O-O Nd4 14. e3 Nf5 15. g4 hxg4 16. e4 Nd4 17. h5 f6 18. Nf7 Rxf7 19. hxg6 1-0


[Site "https://www.chess.com"]

[Event "Titled Tuesday Blitz June 20 Late 2023"]
[White "WindWhistler11"]
[Black "Czerw, Dawid"]
[BlackFideId "1145746"]
[WhiteElo "2564"]
[BlackElo "2144"]
[Result "0-1"]
[Round "8"]
[TimeControl "180+2"]
[Date "2023.06.20"]
[WhiteClock "0:00:05"]
[BlackClock "0:01:14"]
[Board "43"]

1. Nf3 d5 2. c4 c6 3. g3 Nf6 4. Bg2 Bf5 5. b3 e6 6. Bb2 h6 7. O-O Nbd7 8. d3 Be7 9. Nbd2 O-O 10. a3 a5 11. Qc2 b5 12. e4 Bh7 13. Rad1 Qb6 14. h4 Rac8 15. e5 Ne8 16. Rfe1 Rb8 17. cxd5 cxd5 18. Bd4 Qb7 19. Nf1 Nc7 20. Qb2 Rfc8 21. g4 Na6 22. g5 h5 23. Ng3 Bg6 24. Kh2 Nac5 25. Re3 a4 26. b4 Nb3 27. Ng1 Rc7 28. Nh3 Rbc8 29. Re2 Nc1 30. Red2 Nxd3 31. Rxd3 Rc2 32. Qa1 Bxd3 33. Rxd3 Rc1 34. Qa2 R8c2 35. Bb2 Nxe5 36. Rxd5 Ng4# 0-1


[Site "https://www.chess.com"]

[Event "Titled Tuesday Blitz June 20 Late 2023"]
[White "Licznerski, Lukasz"]
[Black "Pinheiro, Iung Alicio de O."]
[WhiteFideId "1179250"]
[BlackFideId "2104350"]
[WhiteElo "2453"]
[BlackElo "2283"]
[Result "1-0"]
[Round "8"]
[TimeControl "180+2"]
[Date "2023.06.20"]
[WhiteClock "0:00:04"]
[BlackClock "0:00:00"]
[Board "44"]

1. e4 e5 2. Nf3 Nc6 3. Bb5 a6 4. Bxc6 dxc6 5. O-O Bg4 6. h3 h5 7. d3 Qf6 8. Be3 g5 9. Nbd2 Qg7 10. Re1 Bd7 11. d4 g4 12. Nxe5 gxh3 13. Qf3 Be6 14. Kh2 Bd6 15. gxh3 f6 16. Rg1 Qf7 17. Qg3 fxe5 18. dxe5 Be7 19. f4 Nh6 20. f5 Ng4+ 21. hxg4 hxg4+ 22. Kg2 Bxf5 23. exf5 Qd5+ 24. Kf1 Rh3 25. Qf4 O-O-O 26. f6 Bc5 27. Qxg4+ Kb8 28. Qxh3 Qxe5 29. Bxc5 Qxc5 30. Rg2 Qxc2 31. Re1 Qxb2 32. f7 Rf8 33. Re8+ Ka7 34. Qe3+ b6 35. Rxf8 Qb1+ 36. Ke2 Qb5+ 37. Ke1 Qh5 38. Ra8+ Kxa8 39. f8=Q+ Kb7 40. Rg8 Qh4+ 41. Ke2 Qh5+ 42. Kd3 Qb5+ 43. Nc4 Qd5+ 44. Kc3 1-0


[Site "https://www.chess.com"]

[Event "Titled Tuesday Blitz June 20 Late 2023"]
[White "Baskakov, Egor"]
[Black "Leenhouts, Koen"]
[WhiteFideId "24197866"]
[BlackFideId "1008439"]
[WhiteElo "2225"]
[BlackElo "2409"]
[Result "1-0"]
[Round "8"]
[TimeControl "180+2"]
[Date "2023.06.20"]
[WhiteClock "0:00:59"]
[BlackClock "0:00:00"]
[Board "45"]

1. e4 e5 2. Nc3 Nf6 3. g3 c6 4. Bg2 Bc5 5. Nge2 d6 6. d4 exd4 7. Nxd4 O-O 8. O-O h6 9. h3 a5 10. a4 Na6 11. Nb3 Ba7 12. Bf4 d5 13. exd5 Nxd5 14. Nxd5 cxd5 15. Qd2 Be6 16. Nd4 Qd7 17. Kh2 Nb4 18. Nb5 Bc5 19. c3 Nc6 20. Rad1 Rad8 21. Be3 Be7 22. Bb6 Ra8 23. Rfe1 Bf6 24. f4 Rfc8 25. Qf2 Ne7 26. g4 Qc6 27. f5 Bd7 28. Bd4 Bxd4 29. cxd4 Qf6 30. Nc3 Bc6 31. Qg3 Re8 32. Re5 Kf8 33. Rde1 Ng8 34. Bxd5 Bxd5 35. Nxd5 Qc6 36. Qa3+ 1-0


[Site "https://www.chess.com"]

[Event "Titled Tuesday Blitz June 20 Late 2023"]
[White "Avila Pavas, Santiago"]
[Black "O`Gorman, Tom"]
[WhiteFideId "4437128"]
[BlackFideId "2508249"]
[WhiteElo "2449"]
[BlackElo "2299"]
[Result "0-1"]
[Round "8"]
[TimeControl "180+2"]
[Date "2023.06.20"]
[WhiteClock "0:02:27"]
[BlackClock "0:01:21"]
[Board "46"]

1. d4 Nf6 2. Nf3 e6 3. Bg5 Be7 4. Nbd2 d5 5. e3 O-O 6. Bd3 c5 7. c3 Nc6 8. Qe2 b6 9. e4 dxe4 10. Nxe4 cxd4 11. O-O-O Bb7 12. h4 Rc8 13. Kb1 Nd5 14. Bxe7 Qxe7 15. Nfg5 Nf4 16. Qf3 Nxd3 17. Rxd3 f5 18. Nxh7 fxe4 19. Qxe4 Nb4 20. Qg6 Qf7 21. Qxf7+ Rxf7 22. cxb4 Be4 0-1


[Site "https://www.chess.com"]

[Event "Titled Tuesday Blitz June 20 Late 2023"]
[White "Goltsev, Dmitry"]
[Black "D`Arruda, Ricardo D."]
[WhiteFideId "24176710"]
[BlackFideId "100692"]
[WhiteElo "2356"]
[BlackElo "2540"]
[Result "1-0"]
[Round "8"]
[TimeControl "180+2"]
[Date "2023.06.20"]
[WhiteClock "0:00:06"]
[BlackClock "0:00:27"]
[Board "47"]

1. e4 c5 2. Nf3 Nc6 3. d4 cxd4 4. Nxd4 e5 5. Nf5 d5 6. Qxd5 Qxd5 7. exd5 Bxf5 8. dxc6 bxc6 9. Bd3 Bxd3 10. cxd3 Bc5 11. Be3 Bxe3 12. fxe3 Ne7 13. Nd2 O-O 14. Nc4 f6 15. Ke2 Rab8 16. Rhc1 Rfd8 17. b3 Kf7 18. Na5 Rb6 19. Rc4 Ke6 20. Rac1 Kd7 21. e4 Rdb8 22. a3 Ra6 23. b4 Rab6 24. d4 exd4 25. Rxd4+ Ke6 26. Rcd1 c5 27. bxc5 Rb2+ 28. Kf1 R8b5 29. Nc4 Ra2 30. Rd5 Rc2 31. a4 Rb4 32. Ne3 Ra2 33. c6 Rxe4 34. Rd6+ Kf7 35. R1d3 Ra1+ 36. Kf2 Rc1 37. Rd7 Rxc6 38. Rxa7 Re5 39. a5 Kg6 40. g4 h5 41. h3 hxg4 42. hxg4 Re4 43. Rdd7 Rce6 44. Ng2 Kg5 45. Kf3 g6 46. Rac7 R6e5 47. a6 Nd5 48. Rxd5 Rxd5 49. Kxe4 Ra5 50. a7 Kxg4 51. Ne3+ Kg5 52. Nc4 Ra4 53. Kd5 f5 54. Nb6 Ra5+ 55. Kd4 f4 56. a8=Q Rxa8 57. Nxa8 1-0


[Site "https://www.chess.com"]

[Event "Titled Tuesday Blitz June 20 Late 2023"]
[White "Ozates, Tuna"]
[Black "Cuenca Jimenez, Jose Fernando"]
[WhiteFideId "6354521"]
[BlackFideId "2255570"]
[WhiteElo "2151"]
[BlackElo "2418"]
[Result "1-0"]
[Round "8"]
[TimeControl "180+2"]
[Date "2023.06.20"]
[WhiteClock "0:00:05"]
[BlackClock "0:00:03"]
[Board "48"]

1. e4 d6 2. d4 Nf6 3. Nc3 e5 4. Nf3 Nbd7 5. Bc4 Be7 6. O-O O-O 7. a4 c6 8. Ba2 b6 9. Qe2 a6 10. Rd1 Qc7 11. Nh4 exd4 12. Rxd4 Nc5 13. b4 Ne6 14. Rd1 g6 15. Bh6 Re8 16. b5 cxb5 17. Nd5 Nxd5 18. Bxd5 Rb8 19. Nf5 Bf6 20. Ra3 gxf5 21. Rg3+ Ng7 22. Qh5 Be6 23. exf5 Kh8 24. Bxg7+ Bxg7 25. f6 Bxd5 26. fxg7+ Kg8 27. Qxd5 Qxc2 28. h4 bxa4 29. Rf3 Re7 30. Qxd6 Rbe8 31. h5 b5 32. h6 Qc8 33. Rc3 Qb8 34. Qd4 Re6 35. g3 Rxh6 36. Rf3 Rhe6 37. Qd7 R6e7 38. Qd4 Qe5 39. Qh4 Qxg7 40. Kg2 Re6 41. Rd5 Rg6 42. Rdf5 Rf8 43. Qb4 Rg4 44. Qa5 Rg6 45. Qb4 h6 46. Qa5 Re6 47. Qb4 Qg6 48. Qa5 Qg7 49. Qb4 Rfe8 50. Qa5 R6e7 51. Qb4 Re6 52. Qa5 Qg6 53. Qb4 R8e7 54. Qa5 Kg7 55. Qb4 Re5 56. Qc3 f6 57. R5f4 R5e6 58. Qb4 Rf7 59. Rg4 Qg5 60. Rxg5+ hxg5 61. Qg4 Rfe7 62. Qd4 Rf7 63. Rf5 Kg6 64. Qd3 Kg7 65. Rd5 Rfe7 66. Rd8 Kf7 67. Qh7# 1-0


[Site "https://www.chess.com"]

[Event "Titled Tuesday Blitz June 20 Late 2023"]
[White "Bolourchifard, Farzad"]
[Black "Badelka, Olga"]
[WhiteFideId "12510084"]
[BlackFideId "13509926"]
[WhiteElo "2317"]
[BlackElo "2375"]
[Result "1-0"]
[Round "8"]
[TimeControl "180+2"]
[Date "2023.06.20"]
[WhiteClock "0:01:15"]
[BlackClock "0:00:21"]
[Board "49"]

1. d4 Nf6 2. Nf3 e6 3. c4 d5 4. Nc3 Nbd7 5. Bg5 dxc4 6. e3 h6 7. Bh4 b5 8. Nxb5 Bb4+ 9. Nc3 g5 10. Bg3 Ne4 11. Qc2 Bb7 12. Bxc4 g4 13. Nh4 Be7 14. Nxe4 Bxh4 15. O-O Be7 16. Rac1 Rc8 17. Nc5 Bxc5 18. dxc5 Bc6 19. b4 Rb8 20. Rfd1 Qc8 21. b5 Bxb5 22. Qb2 O-O 23. Bxb5 1-0


[Site "https://www.chess.com"]

[Event "Titled Tuesday Blitz June 20 Late 2023"]
[White "Goryachkina, Aleksandra"]
[Black "Berezin, Viktor"]
[WhiteFideId "4147103"]
[BlackFideId "14107872"]
[WhiteElo "2471"]
[BlackElo "2310"]
[Result "1/2-1/2"]
[Round "8"]
[TimeControl "180+2"]
[Date "2023.06.20"]
[WhiteClock "0:00:09"]
[BlackClock "0:01:01"]
[Board "50"]

1. e4 g6 2. d4 Bg7 3. Nf3 d6 4. Bd3 Nf6 5. O-O c6 6. h3 O-O 7. Re1 Nbd7 8. Nbd2 e5 9. c3 Qc7 10. Nf1 Re8 11. Ng3 Nf8 12. Be3 Ne6 13. Qc2 Nf4 14. Bf1 b6 15. Rad1 Bd7 16. a4 Rad8 17. b4 Bc8 18. c4 N6h5 19. Nxh5 Nxh5 20. dxe5 dxe5 21. c5 Nf4 22. cxb6 axb6 23. Rc1 Bb7 24. Qb3 Ne6 25. a5 Nd4 26. Bxd4 exd4 27. a6 Ba8 28. e5 c5 29. Bc4 Bxf3 30. Qxf3 Bxe5 31. bxc5 bxc5 32. g3 Kg7 33. Rb1 Rb8 34. Kg2 f6 35. Rb7 Rxb7 36. axb7 Rb8 37. Rb1 Qd6 1/2-1/2


[Site "https://www.chess.com"]

[Event "Titled Tuesday Blitz June 20 Late 2023"]
[White "Kochiev, Ivan"]
[Black "Rastbod, Ali"]
[WhiteFideId "2917890"]
[BlackFideId "12567477"]
[WhiteElo "2287"]
[BlackElo "2281"]
[Result "0-1"]
[Round "8"]
[TimeControl "180+2"]
[Date "2023.06.20"]
[WhiteClock "0:00:00"]
[BlackClock "0:00:16"]
[Board "51"]

1. e4 c6 2. d4 d5 3. Nc3 dxe4 4. Nxe4 Nf6 5. Nxf6+ exf6 6. c3 Bd6 7. Bd3 O-O 8. Ne2 Re8 9. O-O Nd7 10. Ng3 g6 11. Ne4 Be7 12. Bf4 Nb6 13. Re1 f5 14. Ng3 Nd5 15. Bd2 Be6 16. a3 b5 17. Qf3 Bd6 18. Re2 Bd7 19. Rae1 Rxe2 20. Rxe2 Qh4 21. h3 a6 22. Bc1 Re8 23. Rxe8+ Bxe8 24. Qe2 Bd7 25. Nf1 Nf4 26. Bxf4 Qxf4 27. g3 Qc1 28. Kg2 Be6 29. Ne3 f4 30. Ng4 fxg3 31. Nf6+ Kf8 32. fxg3 h5 33. Ne4 Bd5 34. Kf2 Be7 35. h4 Qh1 36. Ke3 f5 37. Ng5 Bd6 38. Qf2 Qc1+ 0-1


[Site "https://www.chess.com"]

[Event "Titled Tuesday Blitz June 20 Late 2023"]
[White "Karamsetty, Jeevan"]
[Black "Sun, Rick"]
[WhiteFideId "2025337"]
[BlackFideId "30909481"]
[WhiteElo "2131"]
[BlackElo "2169"]
[Result "1-0"]
[Round "8"]
[TimeControl "180+2"]
[Date "2023.06.20"]
[WhiteClock "0:00:19"]
[BlackClock "0:00:02"]
[Board "52"]

1. e4 d6 2. d4 Nf6 3. Nd2 e5 4. d5 g6 5. Ngf3 Bg7 6. c4 O-O 7. Bd3 a5 8. O-O Nbd7 9. a3 Nh5 10. Bc2 Nf4 11. Rb1 f5 12. exf5 gxf5 13. b4 axb4 14. axb4 e4 15. Ne1 Ne5 16. Nb3 Qg5 17. Kh1 Ng4 18. f3 Nxh2 19. Kxh2 Be5 20. g3 Qh5+ 21. Kg1 Nh3+ 22. Kg2 f4 23. Bxe4 Rf6 24. Rh1 Ra2+ 25. Nc2 Rh6 26. g4 Qh4 27. Qe1 Bxg4 28. Qxh4 Rxh4 29. fxg4 f3+ 30. Kf1 Rxg4 31. Bxh7+ Kxh7 32. Rxh3+ Kg7 33. Ne3 Rg3 34. Rxg3+ Bxg3 35. Bb2+ Kg6 36. Nd2 Bf4 37. Kf2 Be5 38. Nxf3 Bxb2 39. Kg3 Be5+ 40. Nxe5+ dxe5 41. Kf3 Kf6 42. Ke4 Rf2 43. Ng4+ Kg5 44. Nxf2 1-0


[Site "https://www.chess.com"]

[Event "Titled Tuesday Blitz June 20 Late 2023"]
[White "Petukhov, Dmitry"]
[Black "Ganiev, Roman"]
[WhiteFideId "4142748"]
[BlackFideId "4131452"]
[WhiteElo "2311"]
[BlackElo "2663"]
[Result "0-1"]
[Round "8"]
[TimeControl "180+2"]
[Date "2023.06.20"]
[WhiteClock "0:00:04"]
[BlackClock "0:00:06"]
[Board "53"]

1. e4 c5 2. c3 Nf6 3. e5 Nd5 4. d4 cxd4 5. Nf3 Nc6 6. Bc4 e6 7. Bxd5 exd5 8. cxd4 d6 9. h3 Be7 10. O-O O-O 11. Nc3 Be6 12. Bf4 dxe5 13. dxe5 h6 14. Nd4 Nxd4 15. Qxd4 Qd7 16. Rfd1 Rfd8 17. Rac1 b6 18. Qd3 Rac8 19. Ne2 Bf5 20. Qg3 Rxc1 21. Rxc1 Kh7 22. e6 Qxe6 23. Nd4 Qg6 24. Rc7 Bc5 25. Nxf5 Qxf5 26. Be5 Bxf2+ 27. Qxf2 Qxe5 28. Qxf7 d4 29. Re7 Qg5 30. h4 Qg4 31. Qc4 Qxh4 32. Qd3+ Kh8 33. Re4 Qf6 34. b4 a5 35. b5 Qg6 36. a4 Kh7 37. Kf2 Rd5 38. Ke2 Qxg2+ 39. Kd1 Qg6 40. Kd2 Rg5 41. Rxd4 Rg2+ 42. Kc1 Rg1+ 43. Kc2 Rg2+ 44. Kc1 Qxd3 45. Rxd3 h5 46. Rd5 Kh6 47. Rd6+ Rg6 48. Rd8 h4 49. Kd2 Kg5 50. Ke2 Kg4 51. Kf2 Kh3 52. Rh8 Rf6+ 53. Kg1 g5 54. Rg8 g4 55. Rc8 Kg3 56. Rc6 Rf3 57. Rxb6 h3 58. Rc6 h2+ 59. Kh1 Rf1# 0-1


[Site "https://www.chess.com"]

[Event "Titled Tuesday Blitz June 20 Late 2023"]
[White "Ashraf, Artin"]
[Black "Bilan, Danila"]
[WhiteFideId "22514805"]
[BlackFideId "24161918"]
[WhiteElo "2224"]
[BlackElo "2146"]
[Result "1-0"]
[Round "8"]
[TimeControl "180+2"]
[Date "2023.06.20"]
[WhiteClock "0:00:03"]
[BlackClock "0:00:00"]
[Board "54"]

1. e4 c6 2. Nc3 d5 3. Qe2 e6 4. g3 g6 5. Bg2 Bg7 6. exd5 Bxc3 7. dxc6 Bxd2+ 8. Bxd2 Nxc6 9. Nf3 f6 10. O-O Kf7 11. Rfd1 Qc7 12. b4 a6 13. c4 Nge7 14. b5 Na5 15. Rac1 e5 16. Qe1 Nxc4 17. b6 Qc5 18. Bb4 Qb5 19. a4 Qxb6 20. Rxc4 Be6 21. Rd6 Qa7 22. Rc7 Rac8 23. Rxe7+ Kxe7 24. Rxa6+ Qc5 25. Bxc5+ Rxc5 26. Rb6 Bd5 27. Nxe5 Bxg2 28. Nxg6+ 1-0


[Site "https://www.chess.com"]

[Event "Titled Tuesday Blitz June 20 Late 2023"]
[White "Ladron De Guevara Pinto, Paolo"]
[Black "Martic, Ivan"]
[WhiteFideId "2290847"]
[BlackFideId "929301"]
[WhiteElo "2398"]
[BlackElo "2346"]
[Result "1-0"]
[Round "8"]
[TimeControl "180+2"]
[Date "2023.06.20"]
[WhiteClock "0:00:05"]
[BlackClock "0:00:03"]
[Board "55"]

1. Nf3 d5 2. g3 Nf6 3. Bg2 c6 4. O-O Bg4 5. h3 Bh5 6. d3 e6 7. Qe1 Be7 8. e4 O-O 9. b3 a5 10. a4 Na6 11. Bb2 Nb4 12. Qe2 Qb6 13. g4 Bg6 14. Ne5 dxe4 15. dxe4 Rad8 16. Na3 Nd7 17. Nac4 Qa7 18. Rad1 Nxe5 19. Bxe5 b5 20. axb5 cxb5 21. Nd6 Qc5 22. Nb7 Qxe5 23. f4 Qc7 24. Nxd8 Bc5+ 25. Kh1 Rxd8 26. f5 Rxd1 27. Rxd1 h6 28. fxg6 fxg6 29. c3 Nc6 30. Qxb5 Ne5 31. Qe8+ Kh7 32. Rd8 g5 33. Qg8+ Kg6 34. Qxe6+ Kh7 35. Qg8+ Kg6 36. Qe6+ Kh7 37. Qf5+ Ng6 38. Rd7 Qb6 39. Qf7 Bf8 40. e5 Qf2 41. Qxf2 Nf4 42. Be4+ Kh8 43. Qd2 Kg8 44. Rd8 Kf7 45. Qd7+ Be7 46. Re8 h5 47. Qxe7# 1-0


[Site "https://www.chess.com"]

[Event "Titled Tuesday Blitz June 20 Late 2023"]
[White "Suarez Uriel, Adrian"]
[Black "Martins, Bruno Andre Leite"]
[WhiteFideId "22230874"]
[BlackFideId "1942255"]
[WhiteElo "2331"]
[BlackElo "2241"]
[Result "1-0"]
[Round "8"]
[TimeControl "180+2"]
[Date "2023.06.20"]
[WhiteClock "0:01:49"]
[BlackClock "0:00:46"]
[Board "56"]

1. e4 c5 2. Ne2 Nc6 3. d4 cxd4 4. Nxd4 e5 5. Nb5 a6 6. Nd6+ Bxd6 7. Qxd6 Qf6 8. Qd1 Qg6 9. Nc3 Nge7 10. h4 h5 11. Bg5 d5 12. exd5 Nb4 13. Bd3 Bf5 14. Bxf5 Qxf5 15. Rc1 f6 16. a3 Nbxd5 17. Nxd5 Qe4+ 18. Ne3 fxg5 19. hxg5 Rd8 20. Qe2 Nc6 21. Rxh5 Ke7 22. c3 Qf4 23. Rxh8 Rxh8 24. Nd5+ 1-0


[Site "https://www.chess.com"]

[Event "Titled Tuesday Blitz June 20 Late 2023"]
[White "Bernabeu Lopez, Carlos Javier"]
[Black "Delorme, Axel"]
[WhiteFideId "2235366"]
[BlackFideId "632023"]
[WhiteElo "2344"]
[BlackElo "2478"]
[Result "0-1"]
[Round "8"]
[TimeControl "180+2"]
[Date "2023.06.20"]
[WhiteClock "0:01:48"]
[BlackClock "0:00:19"]
[Board "57"]

1. e4 c5 2. Nf3 d6 3. Bb5+ Nd7 4. O-O a6 5. Bxd7+ Bxd7 6. d4 cxd4 7. Qxd4 e5 8. Qd3 h6 9. c4 b5 10. Nc3 bxc4 11. Qxc4 Nf6 12. Be3 Be7 13. Rfd1 O-O 14. h3 Qb8 15. Qb3 Qxb3 16. axb3 Rfb8 17. Nd2 Be6 18. Nc4 Bxc4 19. bxc4 Rxb2 20. Nd5 Nxd5 21. cxd5 a5 22. Ra4 Bd8 23. Rda1 h5 24. Rc1 Bb6 25. Bxb6 Rxb6 26. Rca1 Rb5 27. h4 Kf8 28. f3 Ke7 29. Kh2 Kd7 30. Kg3 Kc7 31. Rc1+ Kb7 32. Rc6 Rb6 33. Rc1 Rb4 34. Ra3 a4 35. Rac3 a3 36. Rc7+ Kb6 37. R7c6+ Kb5 38. Rxd6 a2 39. Rd7 a1=Q 40. Rb7+ Ka6 41. Rxa1+ Kxb7 42. Rd1 Rb2 43. Rg1 Raa2 44. Kh3 Kc7 45. Kg3 Kd6 46. Kh3 g6 47. Kg3 f5 48. exf5 gxf5 49. Kh3 f4 50. Kh2 Kxd5 51. Kh3 e4 52. fxe4+ Kxe4 53. Re1+ Kf5 54. Re8 Rb3+ 55. Kh2 f3 56. Rf8+ Kg4 57. Rg8+ Kxh4 58. Kh1 Rb1+ 59. Kh2 Rxg2+ 60. Rxg2 fxg2 61. Kxg2 Rb2+ 62. Kh1 Kg3 63. Kg1 Rb1# 0-1


[Site "https://www.chess.com"]